 Dungeon Crawl Stone Soup version 0.29-a0-559-g359e09b9d1 (console) character file.

Game seed: 210843227390739032

1039 jejorda2 the Slasher (level 8, -3/69 HPs)
             Began as a Black Draconian Gladiator on June 9, 2022.
             Slain by an orc warrior
             ... wielding a +0 halberd
              (17 damage)
             ... on level 5 of the Dungeon.
             The game lasted 00:10:25 (4654 turns).

jejorda2 the Slasher (Black Draconian Gladiator)    Turns: 4654, Time: 00:10:25

Health: -3/69      AC:  9    Str: 16    XL:     8   Next: 4%
Magic:  8/8        EV: 12    Int: 10    God:
Gold:   203        SH:  5    Dex: 14    Spells: 7/7 levels left

rFire   . . .      SeeInvis .   a - +0 long sword (vorpal)
rCold   . . .      Faith    .   f - +0 buckler
rNeg    . . .      Spirit   .   (body armour unavailable)
rPois   .          Reflect  .   b - +0 hat
rElec   +          Harm     .   s - +2 cloak {rCorr}
rCorr   +          Rampage  .   (no gloves)
Will    .....                   (no boots)
Stlth   +.........              (no amulet)
HPRegen 0.21/turn               (no ring)
MPRegen 0.11/turn               (no ring)

@: no status effects
A: breathe lightning, AC +6, unfitting armour, electricity resistance,
cold-blooded
a: Breathe Lightning


You were on level 5 of the Dungeon.
You visited 1 branch of the dungeon, and saw 5 of its levels.

You collected 203 gold pieces.

Inventory:

Hand Weapons
 a - a +0 vorpal long sword (weapon)
 l - a +0 dagger of venom
Missiles
 c - a throwing net
 d - a javelin
 e - 90 stones (quivered)
 k - 3 boomerangs
 p - 4 poisoned darts
 t - 4 datura-tipped darts
Armour
 b - a +0 hat (worn)
 f - a +0 buckler (worn)
 s - a +2 cloak of preservation (worn)
Wands
 r - a wand of flame (8)
Scrolls
 g - a scroll of vulnerability {unknown}
 m - a scroll of teleportation
 u - a scroll of noise {unknown}
 v - a scroll of amnesia {unknown}
Potions
 h - 2 potions of curing
 i - a potion of mutation
 j - a potion of brilliance {unknown}
 n - a potion of flight {unknown}
 o - 2 potions of haste
 q - a potion of heal wounds


   Skills:
 + Level 5.6 Fighting
 * Level 7.4 Long Blades
 - Level 1.7 Throwing
 - Level 2.6 Dodging
 - Level 4.0 Shields


You had 7 spell levels left.
You didn't know any spells.
Your spell library contained the following spells:

 Spells                   Type           Power      Damage    Failure   Level
 Stone Arrow              Conj/Erth      0%         3d7       82%         3
 Swiftness                Air            0%         N/A       82%         3
 Iron Shot                Conj/Erth      0%         9d1       100%        6
 Lehudib's Crystal Spear  Conj/Erth      0%         10d2      100%        8
 Maxwell's Capacitive Co  Air            0%         ∞         100%        8
 Animate Armour           Summ/Erth      Unusable   N/A       N/A         4

Dungeon Overview and Level Annotations

Branches:
Dungeon (5/15)
 Temple: D:4-7

Altars:
Hepliaklqana
Zin

Shops:
D:4 *


Innate Abilities, Weirdness & Mutations

You can breathe wild blasts of lightning.
Your glossy black scales are hard. (AC +6)
You cannot fit into any form of body armour.
You are resistant to electric shocks. (rElec)
You are cold-blooded and may be slowed by cold attacks.


Message History

The orc warrior is severely wounded.
The orc warrior hits you with a +0 halberd!
* * * LOW HITPOINT WARNING * * *
You hit the orc warrior but do no damage.
Your tail-slap misses the orc warrior.
The orc warrior is severely wounded.
The orc warrior hits you with a +0 halberd.
* * * LOW HITPOINT WARNING * * *
You hit the orc warrior.
The orc warrior is almost dead.
The orc priest calls upon Beogh to heal the orc warrior.
The orc warrior is healed somewhat.
You block the orc warrior's attack.
You closely miss the orc warrior. You tail-slap the orc warrior.
The orc warrior is almost dead.
The orc priest calls upon Beogh to heal the orc warrior.
The orc warrior is healed somewhat.
You block the orc warrior's attack.
You closely miss the orc warrior.
The orc warrior is severely wounded.
The orc warrior hits you with a +0 halberd.
* * * LOW HITPOINT WARNING * * *
You barely miss the orc warrior.
You tail-slap the orc warrior, but do no damage.
The orc warrior is severely wounded.
The orc warrior hits you but does no damage.
You feel much better.
The orc warrior hits you with a +0 halberd!
You hit the orc warrior but do no damage.
The orc warrior is severely wounded.
The orc warrior hits you but does no damage.
You completely miss the orc warrior.
The orc warrior is severely wounded.
You block the orc warrior's attack.
You barely miss the orc warrior.
The orc warrior is severely wounded.
The orc warrior hits you with a +0 halberd!
* * * LOW HITPOINT WARNING * * *
You hit the orc warrior but do no damage.
The orc warrior is severely wounded.
The orc warrior hits you with a +0 halberd!
You die...

.####..†# ..##)..#
#.##.).# ##.##...#
#....##### .. .###
#(...#...# .. ....
.##....#...# ......
......(.....#####.#..#
..((.((((.[.oo@.#....
#......!#.######.#..#
....[....#.#.####)#..#.###
.......|...#......).......
..####.o...#.####.#.##.#..
#.....#.####.#.#
......#......#.##
##....###.........+
#<......##.#


You could see an orc warrior and an orc priest.

Vanquished Creatures
  Grinder (D:4)
  A black bear (D:5)
  A centaur (D:4)
  A phantom (D:5)
  Blork the orc (D:4)
  A kobold brigand (D:4)
  A necrophage (D:5)
  A scorpion (D:4)
  Crazy Yiuf (D:2)
  A hound (D:5)
  Jessica (D:2)
  2 iguanas (D:5)
  Natasha (thrice) (D:3)
  5 adders
  A worm (D:5)
  14 orcs
  4 endoplasms
  4 giant cockroaches
  5 goblins
  7 hobgoblins
  2 jackals (D:2)
  4 quokkas
  4 ball pythons
  5 bats
  2 frilled lizards (D:1)
  A kobold (D:1)
  3 rats (D:1)
77 creatures vanquished.

Notes
Turn   | Place    | Note
-------+----------+-------------------------------------------
     0 | D:1      | jejorda2 the Draconian Gladiator began the quest for the
                  | Orb.
     0 | D:1      | Reached XP level 1. HP: 17/17 MP: 1/1
   427 | D:1      | Reached XP level 2. HP: 23/25 MP: 2/2
  1054 | D:2      | Reached skill level 1 in Shields
  1143 | D:2      | Noticed a golden eye
  1152 | D:2      | Reached XP level 3. HP: 30/30 MP: 3/3
  1168 | D:2      | Found a faded altar of an unknown god.
  1171 | D:2      | Noticed a golden eye
  1171 | D:2      | Noticed a shining eye
  1171 | D:2      | Noticed a floating eye
  1229 | D:2      | Noticed Jessica
  1244 | D:2      | Killed Jessica
  1245 | D:2      | Reached skill level 4 in Long Blades
  1337 | D:2      | Found a hazy altar of Hepliaklqana.
  1791 | D:2      | Found a runed translucent door.
  1792 | D:2      | Noticed Crazy Yiuf
  1800 | D:2      | Killed Crazy Yiuf
  1801 | D:2      | Reached XP level 4. HP: 22/38 MP: 4/4
  2000 | D:3      | Noticed Natasha
  2031 | D:3      | Killed Natasha
  2162 | D:3      | Noticed Natasha
  2180 | D:3      | Killed Natasha
  2181 | D:3      | Reached XP level 5. HP: 32/45 MP: 5/5
  3011 | D:3      | Noticed Natasha
  3017 | D:3      | Killed Natasha
  3294 | D:4      | Noticed Grinder
  3302 | D:4      | Killed Grinder
  3303 | D:4      | Reached skill level 5 in Long Blades
  3303 | D:4      | Reached XP level 6. HP: 52/52 MP: 6/6
  3339 | D:4      | Found Zin's Purification Station.
  3339 | D:4      | Found a glowing silver altar of Zin.
  3396 | D:4      | Got Vuta's Catalogue of the Rocks and the Birds
  3507 | D:4      | Noticed Blork the orc
  3515 | D:4      | Killed Blork the orc
  3706 | D:4      | Reached skill level 6 in Long Blades
  3706 | D:4      | Your scales start taking on a glossy black colour.
  3706 | D:4      | Reached XP level 7. HP: 56/60 MP: 7/7
  3706 | D:4      | Gained mutation: You are resistant to electric shocks.
                  | (rElec) [Black Draconian growth]
  4232 | D:5      | Entered Level 5 of the Dungeon
  4290 | D:5      | Reached skill level 5 in Fighting
  4350 | D:5      | Reached skill level 7 in Long Blades
  4368 | D:5      | Reached XP level 8. HP: 23/69 MP: 8/8
  4654 | D:5      | Slain by an orc warrior

Illustrated notes

Levels and vault maps discovered:
D:1:      dpeg_arrival_solitude, layout_loops_cross, wad_floor_pattern_untrapped
D:2:      layout_loops_ring, basic_altar,
          hellmonk_ecumenical_altar_watching_god, uniq_jessica,
          uniq_crazy_yiuf_cottage
D:3:      layout_basic, uniq_natasha
D:4:      layout_basic, zin_purify, kennysheep_path_1, uniq_blork_the_orc,
          uniq_grinder
D:5:      kennysheep_steamy, layout_basic, nicolae_ru_sacrificial_ziggurat,
          ebering_ghost_sewer_f, st_stairs_5

Skill      XL: |  1  2  3  4  5  6  7 |
---------------+----------------------+-----
Shields        | 1 2 3 4 |  4.0
Long Blades    | 4 5 6 7 |  7.4
Fighting       | 3 4 5 |  5.6
Throwing       | |  1.7
Dodging        | |  2.6

Action                   |  1- 3 |  4- 6 |  7- 9 || total
-------------------------+-------+-------+-------++-------
Melee: Long sword        |    88 |    65 |   132 ||   285
       Tailslap          |    11 |     7 |    20 ||    38
Throw: Stone             |    31 |    33 |    15 ||    79
       Throwing net      |     1 |       |     1 ||     2
 Abil: Breathe Lightning |       |       |     4 ||     4
  Use: Scroll            |       |    10 |       ||    10
       Potion            |       |     1 |     3 ||     4
 Stab: Sleeping          |     2 |       |     1 ||     3
       Held in net/web   |     2 |       |     1 ||     3
Armor: Skin              |    34 |    29 |    53 ||   116
Dodge: Dodged            |    52 |    40 |    86 ||   178
Block: Buckler           |    12 |    17 |    23 ||    52

Table legend: (Time is in decaauts)
 A = Elapsed time spent in this place.
 B = Non-inter-level travel time spent in this place.
 C = Inter-level travel time spent in this place.
 D = Time resting spent in this place.
 E = Time spent auto-exploring this place.
 F = Levels seen in this place.
 G = Mean time per level.
                   A        B        C        D        E       F      G
               +--------+--------+--------+--------+--------+-----+--------+
         Total |   4714 |   4514 |    200 |     52 |   3693 |   5 |  942.8 |
       Dungeon |   4714 |   4514 |    200 |     52 |   3693 |   5 |  942.8 |
               +--------+--------+--------+--------+--------+-----+--------+

Top non-repeatable levels by time:
     D:3: 1279 daAuts
     D:4: 1157 daAuts
     D:1: 1047 daAuts
     D:2: 960 daAuts
     D:5: 268 daAuts
